 Dungeon Sprint DCSS version 0.21.1-1-g345015f (webtiles) character file.

2800000 Fang the Sabretooth (level 14, -6/91 HPs)
             Began as a Felid Fighter on Apr 11, 2018.
             Was a Believer of Makhleb.
             Mangled by a large bag of meat
             ... wielding a +9 giant spiked club
              (97 damage)
             ... in the Dungeon (Sprint VIII: "Arena of Blood").
             The game lasted 00:00:48 (28 turns).

Fang the Sabretooth (Felid Fighter)                   Turns: 28, Time: 00:00:49

Health: -6/91      AC:  3    Str: 17    XL:     14   Next: 74%
Magic:  30/30      EV: 39    Int: 11    God:    Makhleb [**....]
Gold:   0          SH:  0    Dex: 16    Spells: 36/36 levels left
                                        Lives:  0   Deaths: 2

rFire    . . .     SeeInvis +     - Unarmed
rCold    + . .     Gourm    .   (shield unavailable)
rNeg     . . .     Faith    .   (armour unavailable)
rPois    .         Spirit   .   (helmet unavailable)
rElec    .         Reflect  .   (cloak unavailable)
rCorr    .         Harm     .   (gloves unavailable)
MR       ++...     NoTele   +   (boots unavailable)
Stlth    +++++++...             (no amulet)
HPRegen  0.25/turn              i - +27000 ring of slaying
MPRegen  0.22/turn              (no ring)

@: quick
A: very small, no armour, no weapons or thrown items, stealth, claws 1, fangs 3,
see invisible, carnivore, speed 1, shaggy fur 3, slow metabolism 1, sharp paws
a: Minor Destruction, Renounce Religion


You were in the Dungeon.
You worshipped Makhleb.
Makhleb was pleased with you.
You were not hungry.

You visited 1 branch

Inventory:

Jewellery
 i - a +27000 ring of slaying (left paw)
Scrolls
 h - a scroll of blinking
Potions
 a - a potion of might
 c - a potion of curing
 d - a potion of heal wounds
 e - a potion of haste
 f - 2 potions of magic
 g - a potion of berserk rage
Comestibles
 b - a ration


   Skills:
 O Level 27 Fighting
 O Level 27 Dodging
 + Level 17.1 Stealth
 O Level 27 Unarmed Combat
 + Level 11.6 Spellcasting
 + Level 12.5 Invocations


You had 36 spell levels left.
You didn't know any spells.

Dungeon Overview and Level Annotations

Branches:
Dungeon (1/1)

Altars:
Makhleb


Innate Abilities, Weirdness & Mutations

You cannot wear armour.
You are incapable of wielding weapons or throwing items.
Your paws allow you to move quietly. (Stealth)
You have sharp claws.
You have razor-sharp teeth.
You have supernaturally acute eyesight. (SInv)
You are carnivorous and can eat meat at any time.
You cover ground quickly.
Your thick and shaggy fur keeps you warm. (AC +3, rC+)
You have a slow metabolism.
Your sharp claws are effective at attacking unaware monsters.


Message History

The bag of meat moves out of view.
You hear a shout! x3
An orc and an ogre come into view.
Unknown command.
A bag of meat comes into view. It is wielding a +9 war axe.
The meat berserker shouts!
You hear a shout! x2
The meat berserker rages.
You hear a shout! x7
A bag of meat comes into view. It is wielding a +9 war axe.
The bag of meat shouts!
You hear two shouts!
You hear a shout! x4
The destroyer appears out of thin air!
A destroyer comes into view.
It is wielding a +9 great sword of slicing.
You hear a shout! x4
The meat berserker rages.
You hear a shout!
The large bag of meat shouts in stereo!
An orc and an ogre come into view.
The bag of meat shouts!
The destroyer shouts!
You hear a shout! x2
The large bag of meat hits you with a +9 giant spiked club!!!!
Ouch! That really hurt!
You die...

.#....o.###.......###.
.......)...Oo###.......
.#o.o).o)._........
#...V..o#O....#.....
#.V.......O#OO<._#..O..
...#.......#O....#.....
.....#........_........
....OV.....O.###.......
........###@......###.
......... #.......#
#.......# ...O.........
...............
.....o.O.......#
..o..o..o....##..
o..#...O....#. ..


You could see 2 destroyers, a large bag of meat (inner flame), 9 meat berserkers
and 7 bags of meat.

Vanquished Creatures
  4 ogres (D)
  2 orcs (D)
6 creatures vanquished.

Notes
Turn   | Place    | Note
-------+----------+-------------------------------------------
     0 | D        | Fang the Felid Fighter began the quest for the Orb.
     0 | D        | Reached XP level 1. HP: 10/10 MP: 2/2
     4 | D        | Noticed a meat berserker
     4 | D        | Became a worshipper of Makhleb the Destroyer
     5 | D        | Noticed a bag of meat
     6 | D        | Killed a meat berserker
     6 | D        | Reached skill level 15 in Fighting
     6 | D        | Reached XP level 2. HP: 27/27 MP: 3/3
     6 | D        | Reached XP level 3. HP: 30/30 MP: 4/4
     6 | D        | Reached XP level 4. HP: 34/34 MP: 5/5
     6 | D        | Reached XP level 5. HP: 38/38 MP: 6/6
     6 | D        | Gained mutation: You are covered in thick fur. (AC +2) [Felid growth]
     6 | D        | Reached XP level 6. HP: 42/42 MP: 7/7
     6 | D        | Reached XP level 7. HP: 46/46 MP: 8/8
     6 | D        | Reached XP level 8. HP: 50/50 MP: 9/9
     6 | D        | Reached XP level 9. HP: 54/54 MP: 10/10
     6 | D        | Reached XP level 10. HP: 58/58 MP: 11/11
     6 | D        | Reached XP level 11. HP: 62/62 MP: 12/12
     6 | D        | Gained mutation: Your thick and shaggy fur keeps you warm. (AC +3, rC+) [Felid growth]
     6 | D        | Reached XP level 12. HP: 66/66 MP: 13/13
     6 | D        | Reached XP level 13. HP: 70/70 MP: 14/14
     7 | D        | Noticed a bag of meat
     7 | D        | Noticed a bag of meat
     8 | D        | Noticed a meat berserker
     9 | D        | Noticed a meat berserker
    10 | D        | Killed a bag of meat
    10 | D        | Reached * piety under Makhleb
    11 | D        | Noticed a bag of meat
    11 | D        | Noticed a meat berserker
    12 | D        | Noticed a meat berserker
    13 | D        | Noticed a meat berserker
    13 | D        | Noticed a meat berserker
    13 | D        | Killed a bag of meat
    13 | D        | Reached skill level 27 in Unarmed Combat
    13 | D        | Reached XP level 14. HP: 33/78 MP: 15/15
    14 | D        | Noticed a meat berserker
    14 | D        | Killed a meat berserker
    14 | D        | Reached XP level 15. HP: 88/88 MP: 16/16
    15 | D        | Noticed a meat berserker
    16 | D        | Killed a meat berserker
    16 | D        | Reached ** piety under Makhleb
    16 | D        | Reached skill level 27 in Fighting
    16 | D        | Reached skill level 27 in Dodging
    18 | D        | Noticed a meat berserker
    18 | D        | Noticed a destroyer
    18 | D        | Demolished by a meat berserker
    19 | D        | Reached XP level 14. HP: -19/91 MP: 15/15
    20 | D        | Noticed a meat berserker
    21 | D        | Noticed a bag of meat
    21 | D        | Noticed a bag of meat
    22 | D        | Noticed a meat berserker
    22 | D        | Noticed a bag of meat
    23 | D        | Killed a meat berserker
    23 | D        | Reached XP level 15. HP: 95/95 MP: 15/31
    24 | D        | Annihilated by a meat berserker
    25 | D        | Reached XP level 14. HP: -53/91 MP: 15/30
    25 | D        | Noticed a meat berserker
    25 | D        | Noticed a bag of meat
    25 | D        | Noticed a bag of meat
    25 | D        | Noticed a bag of meat
    25 | D        | Noticed a meat berserker
    25 | D        | Noticed a large bag of meat
    26 | D        | Noticed a bag of meat
    26 | D        | Noticed a meat berserker
    26 | D        | Noticed a bag of meat
    27 | D        | Noticed a bag of meat
    28 | D        | Noticed a meat berserker
    28 | D        | Noticed a bag of meat
    28 | D        | Noticed a destroyer
    28 | D        | Mangled by a large bag of meat

Skill      XL: |  1  2  3  4  5  6  7  8  9 10 11 12 13 14 15 |
---------------+----------------------------------------------+-----
Fighting       | 15 18 22 27 | 27.0
Dodging        | 19 22 26 27 | 27.0
Unarmed Combat | 23 27 | 27.0
Stealth        | 17 | 17.1
Spellcasting   | 11 | 11.6
Invocations    | 12 | 12.5

Action                   |  1- 3 |  4- 6 |  7- 9 | 10-12 | 13-15 || total
-------------------------+-------+-------+-------+-------+-------++-------
Melee: Unarmed           |     1 |       |       |       |     5 ||     6
Dodge: Dodged            |       |       |       |       |     7 ||     7
